 Dungeon Crawl Stone Soup version 0.21.1-1-g345015f (webtiles) character file.

146 tkdonut the Chopper (level 5, 0/47 HPs)
             Began as a Hill Orc Berserker on July 5, 2018.
             Was a Believer of Trog.
             Slain by bmj180's ghost (13 damage)
             ... on level 4 of the Dungeon.
             The game lasted 00:05:24 (2517 turns).

tkdonut the Chopper (Hill Orc Berserker)            Turns: 2517, Time: 00:05:25

Health: 0/47       AC:  9    Str: 21    XL:     5   Next: 28%
Magic:  5/5        EV: 14    Int:  7    God:    Trog [**....]
Gold:   108        SH:  0    Dex: 15    Spells: 4/4 levels left

rFire    . . .     SeeInvis .   a - +0 hand axe
rCold    . . .     Gourm    .   (no shield)
rNeg     . . .     Faith    .   m - +0 scale mail
rPois    .         Spirit   .   d - +2 hat
rElec    .         Reflect  .   (no cloak)
rCorr    .         Harm     .   r - +0 pair of gloves (curse)
MR       .....                  (no boots)
Stlth    ..........             (no amulet)
HPRegen  0.15/turn              j - +3 ring of evasion
MPRegen  0.09/turn              n - +5 ring of dexterity

@: berserk cooldown, slowed, very slow
A: no striking features
a: Berserk, Trog's Hand, Burn Spellbooks, Renounce Religion


You were on level 4 of the Dungeon.
You worshipped Trog.
Trog was pleased with you.
You were near starving.

You visited 1 branch of the dungeon, and saw 4 of its levels.

You collected 108 gold pieces.

Inventory:

Hand Weapons
 a - a +0 hand axe (weapon)
Armour
 b - a +0 animal skin
 d - a +2 hat (worn)
 g - a +0 ring mail
 m - a +0 scale mail (worn)
 r - a cursed +0 pair of gloves (worn)
Jewellery
 j - a +3 ring of evasion (left hand)
 k - an uncursed ring of loudness
 n - a +5 ring of dexterity (right hand)
Wands
 e - a wand of iceblast (4)
Scrolls
 f - a scroll of immolation {unknown}
 i - 2 scrolls of remove curse
 p - 4 scrolls of identify {unknown}
 t - a scroll of teleportation
Potions
 h - 3 potions of brilliance {unknown}
 l - 2 potions of curing {unknown}
 o - a potion of mutation {unknown}
 q - a potion of haste {unknown}
 s - a potion of agility {unknown}
 u - a potion of degeneration {unknown}
 v - a potion of resistance {unknown}
Comestibles
 c - 6 rations


   Skills:
 + Level 4.4 Fighting
 + Level 5.5 Axes
 + Level 2.6 Armour
 + Level 3.0 Dodging


You had 4 spell levels left.
You didn't know any spells.

Dungeon Overview and Level Annotations

Branches:
Dungeon (4/15)
 Temple: D:4-7

Altars:

Annotations:
D:4 bmj180's ghost, novice HOFi


Message History

Bmj180's ghost is lightly damaged.
Bmj180's ghost hits you!
You barely miss bmj180's ghost.
Bmj180's ghost is lightly damaged.
Bmj180's ghost hits you!
You barely miss bmj180's ghost.
Bmj180's ghost is lightly damaged.
You hit bmj180's ghost but do no damage.
Bmj180's ghost is lightly damaged.
Bmj180's ghost hits you!
You hit bmj180's ghost.
Bmj180's ghost is lightly damaged.
Bmj180's ghost hits you!
* * * LOW HITPOINT WARNING * * *
You feel a strong urge to attack something.
You feel your anger nearly subside.
You are no longer berserk.
You are exhausted.
You feel yourself slow down. Bmj180's ghost hits you!
You die...

#...#
################...############
............................$..
...#############......#.......#
...# ..######...)..#.......#
...###....).....#######.......#
.................# #.......#
.########........# #.......#
.........#######@######.......#
..#....#.#######.W.............
#+# ..................#.#.####.
# ..#.############.#.#.# .#
#...#.# # ##..# # #..# #..#
##..


You could see bmj180's ghost.

Vanquished Creatures
  4 adders
  3 gnolls (D:2)
  An ooze (D:2)
  A worm (D:2)
  3 dart slugs
  6 orcs
  A ball python (D:3)
  3 giant cockroaches
  3 goblins
  4 hobgoblins
  2 jackals (D:2)
  8 bats
  8 frilled lizards
  4 kobolds
  19 rats
70 creatures vanquished.

Notes
Turn   | Place    | Note
-------+----------+-------------------------------------------
     0 | D:1      | tkdonut the Hill Orc Berserker began the quest for the Orb.
     0 | D:1      | Reached XP level 1. HP: 19/19 MP: 1/1
    12 | D:1      | HP: 1/28 [rat (1)]
   336 | D:1      | Reached XP level 2. HP: 24/27 MP: 2/2
   885 | D:2      | Reached ** piety under Trog
   897 | D:2      | Reached XP level 3. HP: 31/33 MP: 3/3
   933 | D:2      | Reached XP level 4. HP: 11/40 MP: 4/4
  1664 | D:3      | Reached skill level 5 in Axes
  1856 | D:3      | Reached XP level 5. HP: 45/46 MP: 5/5
  2500 | D:4      | Noticed bmj180's ghost (novice HOFi)
  2517 | D:4      | Slain by bmj180's ghost

Skill      XL: |  1  2  3  4 |
---------------+-------------+-----
Fighting       | 4 |  4.4
Dodging        | 2 3 |  3.0
Axes           | 5 |  5.5
Armour         | |  2.6

Action                   |  1- 3 |  4- 6 || total
-------------------------+-------+-------++-------
Melee: Hand axe          |   102 |   132 ||   234
Invok: Berserk           |     2 |     2 ||     4
  Use: Scroll            |       |     3 ||     3
  Eat: Chunk             |     1 |     6 ||     7
Armor: Animal skin       |     8 |       ||     8
       Ring mail         |    11 |       ||    11
       Scale mail        |    12 |    38 ||    50
Dodge: Dodged            |    78 |    97 ||   175
